| TOP OF THE 1ST |
|
Rochester Red Wings batting - Pitching for Fresno Grizzlies : RHP Josh Holloway
|
|
Pitching: RHP Josh Holloway
|
|
|
Batting: RHB José Molina
|
0-0: Foul Ball, location: 2F 0-1: Ball 1-1: Ball 2-1: Foul Ball, location: 2F 2-2: Ball 3-2: SINGLE (Line Drive, 6M, EV 97.5 MPH)
|
|
Batting: SHB Ian Thompson
|
0-0: Ball 1-0: Called Strike 1-1: Fly out, F8 (Flyball, 8RD, EV 85.0 MPH)
|
|
Batting: RHB Leo Gonzalez
|
Pickoff Throw to First - Out! 1-3 0-0: Ball 1-0: Ball 2-0: Foul Ball, location: 2F 2-1: DOUBLE (Line Drive, 89XD, EV 98.8 MPH)
|
|
Batting: RHB Jason Gee
|
0-0: Foul Ball, location: 2F 0-1: Foul Ball, location: 2F 0-2: Ball 1-2: Foul Ball, location: 2F 1-2: Foul Ball, location: 2F 1-2: Fly out, F8 (Flyball, 78D, EV 100.0 MPH)
|
| Top of the 1st over - 0 runs, 2 hits, 0 errors, 1 left on base; Rochester 0 - Fresno 0 |
| BOTTOM OF THE 1ST |
|
Fresno Grizzlies batting - Pitching for Rochester Red Wings : LHP Willie Jimenez
|
|
Pitching: LHP Willie Jimenez
|
|
|
Batting: RHB Bruce Bermudez
|
0-0: Called Strike 0-1: Called Strike 0-2: Foul Ball, location: 2F 0-2: Ball 1-2: Strikes out swinging
|
|
Batting: RHB Kyle Davis
|
0-0: Swinging Strike 0-1: Ground out 5-3 (Groundball, 56S, EV 86.2 MPH)
|
|
Batting: LHB Josh Birkner
|
0-0: Ground out 1-3 (Groundball, 15S, EV 62.5 MPH)
|
| Bottom of the 1st over - 0 runs, 0 hits, 0 errors, 0 left on base; Rochester 0 - Fresno 0 |
| TOP OF THE 2ND |
|
Rochester Red Wings batting - Pitching for Fresno Grizzlies : RHP Josh Holloway
|
|
Batting: RHB Colin Boddy
|
0-0: Called Strike 0-1: Ball 1-1: Ball 2-1: Swinging Strike 2-2: Strikes out swinging
|
|
Batting: RHB Ryan Gautney
|
0-0: Called Strike 0-1: Ball 1-1: Swinging Strike 1-2: Foul Ball, location: 2F 1-2: Foul Ball, location: 2F 1-2: Fly out, F9 (Flyball, 89XD, EV 83.8 MPH)
|
|
Batting: RHB Pedro Pinero
|
0-0: Foul Ball, location: 2F 0-1: Swinging Strike 0-2: Foul Ball, location: 2F 0-2: Strikes out swinging
|
| Top of the 2nd over - 0 runs, 0 hits, 0 errors, 0 left on base; Rochester 0 - Fresno 0 |
| BOTTOM OF THE 2ND |
|
Fresno Grizzlies batting - Pitching for Rochester Red Wings : LHP Willie Jimenez
|
|
Batting: RHB Etsuro Hosokawa
|
0-0: Called Strike 0-1: Ball 1-1: Called Strike 1-2: Ball 2-2: Foul Ball, location: 2F 2-2: SINGLE (Flyball, 89S, EV 78.8 MPH)
|
|
Batting: SHB Paskar Adegoke
|
0-0: Foul Ball, location: 2F 0-1: Ball 1-1: Foul Ball, location: 2F 1-2: Ball 2-2: Ball 3-2: Base on Balls Etsuro Hosokawa to second
|
|
Batting: LHB Mark Dearth
|
0-0: Called Strike 0-1: Foul Ball, location: 2F 0-2: SINGLE (Flyball, 56D, EV 91.2 MPH) Etsuro Hosokawa to third Paskar Adegoke to second
|
|
Batting: LHB Danny Wolver
|
0-0: Called Strike 0-1: Ball 1-1: Ball 2-1: Ball 3-1: Base on Balls Etsuro Hosokawa scores Paskar Adegoke to third Mark Dearth to second
|
|
Batting: RHB Nick Deegan
|
0-0: Ball 1-0: Called Strike 1-1: Called Strike 1-2: Ball 2-2: SINGLE (Flyball, 5D, EV 98.1 MPH) Paskar Adegoke scores Mark Dearth to third Danny Wolver to second
|
|
Batting: RHB Masaru Konno
|
0-0: Called Strike 0-1: Foul Ball, location: 2F 0-2: Strikes out swinging
|
|
Batting: RHB Bruce Bermudez
|
0-0: Ball 1-0: Foul Ball, location: 2F 1-1: Ball 2-1: Ball 3-1: Foul Ball, location: 2F 3-2: Foul Ball, location: 2F 3-2: Strikes out swinging
|
|
Batting: RHB Kyle Davis
|
0-0: Ground out 6-3 (Groundball, 6D, EV 106.2 MPH)
|
| Bottom of the 2nd over - 2 runs, 3 hits, 0 errors, 3 left on base; Rochester 0 - Fresno 2 |
| TOP OF THE 3RD |
|
Rochester Red Wings batting - Pitching for Fresno Grizzlies : RHP Josh Holloway
|
|
Batting: RHB Dan Grable
|
0-0: Ball 1-0: Foul Ball, location: 2F 1-1: Called Strike 1-2: Ball 2-2: Foul Ball, location: 2F 2-2: Ball 3-2: Strikes out swinging
|
|
Batting: LHB Tyler Allen
|
0-0: Called Strike 0-1: Ball 1-1: Swinging Strike 1-2: Ball 2-2: SINGLE (Groundball, 56D, EV 95.6 MPH)
|
|
Batting: RHB José Molina
|
0-0: Ball Tyler Allen steals 2nd base 1-0: Ball 2-0: Called Strike 2-1: Ball 3-1: Foul Ball, location: 2F 3-2: Foul Ball, location: 2F 3-2: Strikes out swinging
|
|
Batting: SHB Ian Thompson
|
0-0: Ball 1-0: Swinging Strike 1-1: Foul Ball, location: 2F 1-2: Strikes out looking
|
| Top of the 3rd over - 0 runs, 1 hit, 0 errors, 1 left on base; Rochester 0 - Fresno 2 |
| BOTTOM OF THE 3RD |
|
Fresno Grizzlies batting - Pitching for Rochester Red Wings : LHP Willie Jimenez
|
|
Batting: LHB Josh Birkner
|
0-0: Called Strike 0-1: Ball 1-1: Swinging Strike 1-2: Foul Ball, location: 2F 1-2: Foul Ball, location: 2F 1-2: Strikes out swinging passed ball, reaches first!
|
|
Batting: RHB Etsuro Hosokawa
|
0-0: Ball 1-0: Ball 2-0: Foul Ball, location: 2F 2-1: SINGLE (Groundball, 4MD, EV 104.4 MPH) Josh Birkner to second
|
|
Batting: SHB Paskar Adegoke
|
0-0: Called Strike 0-1: Ball 1-1: Ball 2-1: Fly out, F8 (Line Drive, 8RD, EV 88.8 MPH)
|
|
Batting: LHB Mark Dearth
|
0-0: Called Strike 0-1: Ball 1-1: Called Strike 1-2: Foul Ball, location: 2F 1-2: Fielders Choice at 2nd, 3-6 (Groundball, 34S, EV 90.0 MPH) Josh Birkner to third
|
|
Batting: LHB Danny Wolver
|
0-0: Called Strike 0-1: Called Strike 0-2: Ball 1-2: Fielders Choice at 2nd, 6-4 (Groundball, 6, EV 101.9 MPH)
|
| Bottom of the 3rd over - 0 runs, 1 hit, 0 errors, 2 left on base; Rochester 0 - Fresno 2 |
| TOP OF THE 4TH |
|
Rochester Red Wings batting - Pitching for Fresno Grizzlies : RHP Josh Holloway
|
|
Batting: RHB Leo Gonzalez
|
0-0: Ball 1-0: SINGLE (Line Drive, 6MD, EV 101.2 MPH)
|
|
Batting: RHB Jason Gee
|
0-0: Ball 1-0: Ball 2-0: Called Strike 2-1: Fly out, F8 (Flyball, 8LD, EV 88.8 MPH)
|
|
Batting: RHB Colin Boddy
|
0-0: Ball 1-0: Foul Ball, location: 2F 1-1: Swinging Strike 1-2: Ball 2-2: Strikes out swinging
|
|
Batting: RHB Ryan Gautney
|
0-0: Ball Wild Pitch! Leo Gonzalez to second 1-0: Called Strike 1-1: SINGLE (Groundball, 4MD, EV 103.1 MPH) Leo Gonzalez to third Runner from 3rd tries for Home, SAFE, throw by CF to home
|
|
Now in CF: Sam Spohn
|
|
|
Batting: RHB Pedro Pinero
|
0-0: Called Strike 0-1: Ground out 4-3 (Groundball, 34, EV 108.8 MPH)
|
| Top of the 4th over - 1 run, 2 hits, 0 errors, 1 left on base; Rochester 1 - Fresno 2 |
| BOTTOM OF THE 4TH |
|
Fresno Grizzlies batting - Pitching for Rochester Red Wings : LHP Willie Jimenez
|
|
Batting: RHB Nick Deegan
|
0-0: Ball 1-0: Foul Ball, location: 2F 1-1: Ball 2-1: Fly out, F7 (Flyball, 7, EV 81.2 MPH)
|
|
Batting: RHB Masaru Konno
|
0-0: TRIPLE (Line Drive, 8RXD, EV 106.9 MPH)
|
|
Batting: RHB Sam Spohn
|
0-0: Ball 1-0: Foul Ball, location: 2F 1-1: 2-RUN HOME RUN (Flyball, 7D, EV 98.8 MPH), Distance : 377 ft
|
|
Batting: RHB Kyle Davis
|
0-0: Foul Ball, location: 2F 0-1: Ground out 5-3 (Groundball, 56, EV 78.1 MPH)
|
|
Batting: LHB Josh Birkner
|
0-0: Ball 1-0: Called Strike 1-1: Ball 2-1: Foul Ball, location: 2F 2-2: Strikes out swinging
|
| Bottom of the 4th over - 2 runs, 2 hits, 0 errors, 0 left on base; Rochester 1 - Fresno 4 |
| TOP OF THE 5TH |
|
Rochester Red Wings batting - Pitching for Fresno Grizzlies : RHP Josh Holloway
|
|
Batting: RHB Dan Grable
|
0-0: Called Strike 0-1: Foul Ball, location: 2F 0-2: Ball 1-2: Strikes out swinging
|
|
Batting: LHB Tyler Allen
|
0-0: Called Strike 0-1: Called Strike 0-2: Fly out, F7 (Flyball, 78M, EV 93.8 MPH)
|
|
Batting: RHB José Molina
|
0-0: Ground out 6-3 (Groundball, 6, EV 88.8 MPH)
|
| Top of the 5th over - 0 runs, 0 hits, 0 errors, 0 left on base; Rochester 1 - Fresno 4 |
| BOTTOM OF THE 5TH |
|
Fresno Grizzlies batting - Pitching for Rochester Red Wings : LHP Willie Jimenez
|
|
Batting: RHB Etsuro Hosokawa
|
0-0: Called Strike 0-1: Ball 1-1: Called Strike 1-2: Strikes out swinging
|
|
Batting: SHB Paskar Adegoke
|
0-0: Called Strike 0-1: Ball 1-1: Foul Ball, location: 2F 1-2: Ground out 5-3 (Groundball, 56S, EV 65.6 MPH)
|
|
Batting: LHB Mark Dearth
|
0-0: Ball 1-0: Ball 2-0: Foul Ball, location: 2F 2-1: Ground out U3 (Groundball, 34, EV 105.0 MPH)
|
| Bottom of the 5th over - 0 runs, 0 hits, 0 errors, 0 left on base; Rochester 1 - Fresno 4 |
| TOP OF THE 6TH |
|
Rochester Red Wings batting - Pitching for Fresno Grizzlies : RHP Josh Holloway
|
|
Batting: SHB Ian Thompson
|
0-0: Ball 1-0: Swinging Strike 1-1: Foul Ball, location: 2F 1-2: Foul Ball, location: 2F 1-2: Ball 2-2: Fly out, F8 (Flyball, 8RD, EV 83.8 MPH)
|
|
Batting: RHB Leo Gonzalez
|
0-0: Foul Ball, location: 2F 0-1: Ball 1-1: Foul Ball, location: 2F 1-2: Ball 2-2: Foul Ball, location: 2F 2-2: Ground out 5-3 (Groundball, 56, EV 104.4 MPH)
|
|
Batting: RHB Jason Gee
|
0-0: Ball 1-0: Called Strike 1-1: Ball 2-1: Foul Ball, location: 2F 2-2: SINGLE (Groundball, 6MD, EV 105.6 MPH)
|
|
Pitching: RHP Tommy Cunningham
|
|
|
Batting: RHB Colin Boddy
|
0-0: Ball 1-0: Called Strike 1-1: Ball 2-1: Ball 3-1: Foul Ball, location: 2F 3-2: SINGLE (Line Drive, 8RS, EV 106.9 MPH) Jason Gee to second Jason Gee to third
|
|
Batting: RHB Ryan Gautney
|
0-0: Foul Ball, location: 2F 0-1: Ball 1-1: Ball 2-1: Foul Ball, location: 2F 2-2: Foul Ball, location: 2F 2-2: Strikes out looking
|
| Top of the 6th over - 0 runs, 2 hits, 0 errors, 2 left on base; Rochester 1 - Fresno 4 |
| BOTTOM OF THE 6TH |
|
Fresno Grizzlies batting - Pitching for Rochester Red Wings : LHP Willie Jimenez
|
|
Batting: LHB Danny Wolver
|
0-0: Ball 1-0: Foul Ball, location: 2F 1-1: DOUBLE (Groundball, 3L, EV 101.2 MPH)
|
|
Batting: RHB Nick Deegan
|
0-0: TRIPLE (Flyball, 9LD, EV 113.8 MPH) Danny Wolver scores
|
|
Pitching: RHP Matthew Lange
|
|
|
Batting: RHB Masaru Konno
|
0-0: Ball 1-0: SINGLE (Groundball, 56S, EV 70.0 MPH) (infield hit) Nick Deegan scores
|
|
Batting: RHB Sam Spohn
|
0-0: Ball 1-0: Ball 2-0: Fly out, F8 (Flyball, 78M, EV 81.9 MPH)
|
|
Batting: RHB Kyle Davis
|
0-0: Foul Ball, location: 2F 0-1: Foul Ball, location: 2F 0-2: Foul Ball, location: 2F 0-2: Strikes out swinging
|
|
Batting: LHB Josh Birkner
|
0-0: Ground out 6-3 (Groundball, 4S, EV 63.1 MPH)
|
| Bottom of the 6th over - 2 runs, 3 hits, 0 errors, 1 left on base; Rochester 1 - Fresno 6 |
| TOP OF THE 7TH |
|
Rochester Red Wings batting - Pitching for Fresno Grizzlies : RHP Tommy Cunningham
|
|
Batting: RHB Pedro Pinero
|
0-0: Foul Ball, location: 2F 0-1: Ball 1-1: Ground out 3-1 (Groundball, 34, EV 84.4 MPH)
|
|
Batting: RHB Dan Grable
|
0-0: Called Strike 0-1: Foul Ball, location: 2F 0-2: Ball 1-2: Strikes out looking
|
|
Batting: LHB Tyler Allen
|
0-0: Called Strike 0-1: Foul Ball, location: 2F 0-2: Ball 1-2: Ground out 6-3 (Groundball, 56, EV 85.6 MPH)
|
| Top of the 7th over - 0 runs, 0 hits, 0 errors, 0 left on base; Rochester 1 - Fresno 6 |
| BOTTOM OF THE 7TH |
|
Fresno Grizzlies batting - Pitching for Rochester Red Wings : RHP Matthew Lange
|
|
Batting: RHB Etsuro Hosokawa
|
0-0: Ball 1-0: Called Strike 1-1: Foul Ball, location: 2F 1-2: Strikes out swinging
|
|
Batting: SHB Paskar Adegoke
|
0-0: Ball 1-0: Swinging Strike 1-1: Swinging Strike 1-2: Ball 2-2: Fly out, F4 (Popup, 34S, EV 78.8 MPH)
|
|
Batting: LHB Mark Dearth
|
0-0: Ball 1-0: Ball 2-0: Ground out 4-3 (Groundball, 34D, EV 103.1 MPH)
|
| Bottom of the 7th over - 0 runs, 0 hits, 0 errors, 0 left on base; Rochester 1 - Fresno 6 |
| TOP OF THE 8TH |
|
Rochester Red Wings batting - Pitching for Fresno Grizzlies : RHP Tommy Cunningham
|
|
Batting: RHB José Molina
|
0-0: Ball 1-0: SINGLE (Line Drive, 4MD, EV 103.1 MPH)
|
|
Batting: SHB Ian Thompson
|
0-0: Foul Ball, location: 2F 0-1: Swinging Strike 0-2: Foul Ball, location: 2F 0-2: Ball 1-2: Ball 2-2: Fly out, F8 (Line Drive, 8LM, EV 100.0 MPH)
|
|
Batting: RHB Leo Gonzalez
|
0-0: Foul Ball, location: 2F 0-1: Foul Ball, location: 2F 0-2: Ball 1-2: Grounds into double play, 6-4-3 (Groundball, 6, EV 87.5 MPH)
|
| Top of the 8th over - 0 runs, 1 hit, 0 errors, 0 left on base; Rochester 1 - Fresno 6 |
| BOTTOM OF THE 8TH |
|
Fresno Grizzlies batting - Pitching for Rochester Red Wings : RHP Matthew Lange
|
|
Batting: LHB Danny Wolver
|
0-0: Swinging Strike 0-1: Ball 1-1: Ground out 6-3 (Groundball, 6D, EV 100.6 MPH)
|
|
Batting: RHB Nick Deegan
|
0-0: Foul Ball, location: 2F 0-1: Ball 1-1: DOUBLE (Line Drive, 78XD, EV 109.4 MPH)
|
|
Batting: RHB Masaru Konno
|
0-0: Called Strike 0-1: Ball 1-1: Called Strike 1-2: Ball 2-2: Foul Ball, location: 2F 2-2: Strikes out looking
|
|
Batting: RHB Sam Spohn
|
0-0: Ground out 3-1 (Groundball, 13, EV 84.4 MPH)
|
| Bottom of the 8th over - 0 runs, 1 hit, 0 errors, 1 left on base; Rochester 1 - Fresno 6 |
| TOP OF THE 9TH |
|
Rochester Red Wings batting - Pitching for Fresno Grizzlies : RHP Tommy Cunningham
|
|
Batting: RHB Jason Gee
|
0-0: Hit by Pitch
|
|
Batting: RHB Colin Boddy
|
0-0: Ball 1-0: Called Strike 1-1: Ball 2-1: Ball 3-1: Base on Balls Jason Gee to second
|
|
Batting: RHB Ryan Gautney
|
0-0: Swinging Strike 0-1: Foul Ball, location: 2F 0-2: Strikes out swinging
|
|
Batting: RHB Pedro Pinero
|
0-0: Foul Ball, location: 2F 0-1: Ball 1-1: Swinging Strike 1-2: Ball 2-2: Hit by Pitch Jason Gee to third Colin Boddy to second
|
|
Batting: RHB Dan Grable
|
0-0: Ball 1-0: Called Strike 1-1: Ball 2-1: Foul Ball, location: 2F 2-2: Ball 3-2: Strikes out swinging
|
|
Pitching: RHP Mike Hurst
|
|
|
Batting: LHB Tyler Allen
|
0-0: Ball 1-0: Foul Ball, location: 2F 1-1: Fly out, F7 (Flyball, 78S, EV 91.2 MPH)
|
| Top of the 9th over - 0 runs, 0 hits, 0 errors, 3 left on base; Rochester 1 - Fresno 6 |
|